Cogmind - Beta 16 @@@ ROGUE MODE // 2025.12.25 @ 03:58:54 Player: tsintsir Result: Destroyed by Y-45 Defender with Heavy Assault Rifle Performance ------------- Evolutions (0) 0 Regions Visited (2) 400 Robots Destroyed (12) 60 Value Destroyed (240) 240 Prototype IDs (0) 0 Alien Tech Used (0) 0 Bonus (0) 0 TOTAL SCORE: 700 Bonus ------- None Cogmind --------- Core Integrity 0/250 Matter 120/300 Energy 80/100 System Corruption 0% Temperature Cool (0) Movement Core (100) Ox1 Location -10/Subcaves Parts ------- > --- POWER (1) -------- (None) > --- PROPULSION (2) --- (None) > --- UTILITY (2) ------ Sensor Array > --- WEAPON (2) ------- Grenade Launcher > --- INVENTORY (5) ---- Light Ion Engine Compact Wheel Peak State ------------ > --- POWER ------------ Light Ion Engine > --- PROPULSION ------- Wheel Compact Wheel > --- UTILITY ---------- Small Storage Unit Seismic Detector > --- WEAPON ----------- EM Pulse Gun Medium Laser > --- INVENTORY -------- Light Ion Engine Compact Wheel Mining Laser [Rating: 7] Favorites ----------- Power Light Ion Engine Engine Light Ion Engine Propulsion Flight Unit Wheel Compact Wheel Flight Unit Flight Unit Utility Sensor Array Device Sensor Array Storage Small Storage Unit Weapon Medium Laser Energy Gun Medium Laser Launcher Grenade Launcher Special Weapon Mining Laser Build | -11 -10 -10 ------- Run | Yrd Mat Sub Slots Evolved . | . . . Power . | . . . Propulsion . | . . . Utility . | . . . Weapon . | . . . Parts Attached 14 | 7 6 1 Power 2 | 1 1 . Engine 2 | 1 1 . Core . | . . . Reactor . | . . . Propulsion 4 | 2 2 . Treads . | . . . Leg . | . . . Wheel 2 | 2 . . Hover . | . . . Flight 2 | . 2 . Utility 3 | 2 1 . Device 2 | 1 1 . Storage 1 | 1 . . Processor . | . . . Hackware . | . . . Protection . | . . . Artifact . | . . . Weapon 5 | 2 2 1 Energy Gun 2 | 2 . . Energy Cannon . | . . . Ballistic Gun . | . . . Ballistic Cannon . | . . . Launcher 2 | . 1 1 Special Weapon 1 | . 1 . Impact Weapon . | . . . Slashing Weapon . | . . . Piercing Weapon . | . . . Special Melee Weapon . | . . . Unidentified Prototypes . | . . . Parts Lost 8 | . 6 2 Power 1 | . 1 . Propulsion 4 | . 2 2 Utility 1 | . 1 . Weapon 2 | . 2 . Highest Loss Streak 5 | . 5 2 To Critical Strikes . | . . . Average Backups 2 | 1 2 2 Power . | . . . Propulsion . | . 1 1 Utility . | . . . Weapon 1 | . 1 . Tool/Special . | . . . Unused Backups 1 | . . 1 Power . | . . . Propulsion 1 | . . 1 Utility . | . . . Weapon . | . . . Tool/Special . | . . . Average Slot Usage (%) 61 | . 65 46 Engine 12 | . 12 9 Wheel 5 | . 6 . Flight 19 | . 19 19 Device 13 | . 13 14 Storage 3 | . 4 . Energy Gun 5 | . 6 . Peak Build Rating 7 | 7 7 5 Average Rating 4 | 5 4 3 On Entrance 3 | . 7 4 Avg Prop Armor Cover (%) . | . . . Naked Turns . | . . . Heaviest Build 13 | 13 13 7 Greatest Support 26 | 26 26 8 Greatest Overweight (x) 3 | 2 3 . Average Overweight (x) . | . . . Largest Inventory Capacity 8 | 8 8 5 Average Capacity 5 | 7 5 5 Most Carried 5 | 3 5 3 Average Carried 2 | 1 2 2 Final Capacity 8 | 8 5 5 Final Carried 3 | 3 2 2 Class Distribution -------------------- 100% | Mutant Dominant Class ---------------- Mutant | -10/Materials Mutant | -10/Subcaves Resources | -11 -10 -10 ----------- Run | Yrd Mat Sub Matter Collected 267 | 178 25 64 Remotely . | . . . Salvage Created 271 | 93 170 8 Parts 22 | 11 11 . Haulers Intercepted . | . . . Recyclers Shooed 1 | . 1 . Parts Field Recycled . | . . . Retrieved Matter . | . . . Parts Self-Destructed 2 | . . 2 Prevented . | . . . Parts Restored . | . . . Kills | -11 -10 -10 ------- Run | Yrd Mat Sub Combat Hostiles Destroyed 9 | . 8 1 Guns 3 | . 3 . Cannons 1 | . 1 . AOE 4 | . 3 1 Classes Destroyed 4 | 2 2 . Tunneler 2 | 2 . . Recycler 1 | 1 . . Swarmer 4 | . 3 1 Grunt 5 | . 5 . Best Kill Streak 4 | 2 4 1 Combat Bots Only 4 | . 4 1 Max Kills in Single Turn 2 | 1 2 1 Gunslinging . | . . . Exploded 2 | . 2 1 Melee . | . . . Uniques/NPCs Destroyed . | . . . Combat | -11 -10 -10 -------- Run | Yrd Mat Sub Hostile Shots Fired 81 | . 66 15 Missed 23 | . 13 10 Hits 58 | . 53 5 Projectile 58 | . 53 5 Critical Strikes 1 | . . 1 Damage Taken 652 | . 526 126 Core 256 | . 190 66 Absorbed by Shields . | . . . Core Remaining (%) 100 | 100 . . Volleys Fired 37 | 4 32 1 Largest 2 | 2 2 1 Hottest 150 | 90 150 30 Shots Fired 61 | 8 52 1 Gun 54 | 8 46 . Cannon . | . . . Launcher 3 | . 2 1 Special 4 | . 4 . Kinetic . | . . . Thermal 40 | 4 36 . Explosive 3 | . 2 1 Electromagnetic 18 | 4 14 . Robot Hit Streak 8 | 5 8 . Robot Miss Streak 4 | . 4 1 Penetration Max . | . . . Secondary Targets . | . . . Shots Hit Robots 35 | 5 30 . Core Hits 19 | 4 14 1 Critical Kills . | . . . Critical Parts Destroyed . | . . . Critical Strikes 4 | . 4 . Burn 4 | . 4 . Melee Attacks . | . . . Impact . | . . . Slashing . | . . . Piercing . | . . . Sneak Attacks . | . . . Combat Hostiles . | . . . Follow-up Attacks . | . . . Damage Inflicted 729 | 64 649 16 Guns 458 | 64 394 . Cannons . | . . . Explosions 199 | . 183 16 Melee . | . . . Ramming . | . . . Kinetic . | . . . Thermal 356 | 12 344 . Explosive 199 | . 183 16 Electromagnetic 174 | 52 122 . Impact . | . . . Slashing . | . . . Piercing . | . . . Highest Corruption . | . . . Average Corruption . | . . . Corruption Purged . | . . . Corruption Blocked . | . . . Overload Shots . | . . . Overflow Damage . | . . . Projectiles . | . . . Explosions . | . . . Melee . | . . . Knockbacks . | . . . Impact . | . . . Kinetic . | . . . Secondary . | . . . Self-Inflicted Damage . | . . . Shots . | . . . Rammed . | . . . Targets Rammed . | . . . Kicked . | . . . Crushed . | . . . Highest Temperature 465 | 60 465 . Average Temperature 255 | 25 289 . Received Heat Transfer 213 | . 204 9 Effects 9 | . 9 . Shutdowns 2 | . 2 . Energy Bleed 2 | . 2 . Interference 3 | . 3 . Matter Decay 2 | . 2 . Siege Activations . | . . . Martial Activations . | . . . Shielding Activations . | . . . Robots Disrupted . | . . . Combat Hostiles . | . . . Robots Corrupted . | . . . Combat Hostiles . | . . . Parts Fried 1 | . 1 . Impact Corruptions . | . . . Robots Melted 1 | . 1 . Combat Hostiles 1 | . 1 . Parts Melted 1 | . 1 . Heat Transferred 1297 | 37 1260 . Parts Sabotaged . | . . . Parts Stolen . | . . . Parts Stripped . | . . . Power Chain Reactions . | . . . Alert | -11 -10 -10 ------- Run | Yrd Mat Sub Maximum Alert Level . | . . . Low Security (%) 100 | 100 100 . Level 1 . | . . . Level 2 . | . . . Level 3 . | . . . Level 4 . | . . . Level 5 . | . . . High Security . | . . . Max Security . | . . . Peak Influence 113 | 5 113 . Initial 3 | . 3 . Average 27 | 1 30 . Influence Increases 318 | 15 268 35 Destroy 0b10 Robot/C 180 | . 160 20 Destroy 0b10 Robot/NC 15 | 15 . . Destroy Leader 20 | . 20 . Successful Hack 35 | . 35 . Disable Machine 15 | . 15 . Destroy Structure 8 | . 8 . Lose Combat Pursuer 45 | . 30 15 Influence Decreases 313 | 10 259 44 Entered New Map 9 | . 2 7 Time Decay 234 | 10 197 27 Lost Part 70 | . 60 10 Squads Dispatched 1 | . 1 . Investigation 1 | . 1 . Extermination . | . . . Reinforcement . | . . . Assault . | . . . Garrison . | . . . Intercept . | . . . Searches Triggered . | . . . Construction Impeded . | . . . Haulers Reinforced . | . . . Active Scanning Responses . | . . . Cargo Convoy Interrupts . | . . . Stealth | -11 -10 -10 --------- Run | Yrd Mat Sub Distress Signals 4 | . 4 . Communications Jammed . | . . . Distress Signals . | . . . Times Spotted 22 | . 15 7 Peak Tracking Total 7 | . 5 7 Tactical Retreats 2 | . 1 1 Traps | -11 -10 -10 ------- Run | Yrd Mat Sub Traps Triggered 2 | . 1 1 Indirectly . | . . . Trap Hack Attempts . | . . . Triggered . | . . . Disarmed . | . . . Reprogrammed . | . . . Reused . | . . . Traps Extracted . | . . . Installed . | . . . Triggered . | . . . Machines | -11 -10 -10 ---------- Run | Yrd Mat Sub Machines Disabled 1 | . 1 . Max in Single Turn 1 | . 1 . Machines Repaired . | . . . Machines Dismantled . | . . . Machines Sabotaged . | . . . Overloaded Fab Kills . | . . . Hacking | -11 -10 -10 --------- Run | Yrd Mat Sub Machines Accessed 5 | . 5 . Terminals 5 | . 5 . Fabricators . | . . . Repair Stations . | . . . Recycling Units . | . . . Scanalyzers . | . . . Garrison Access . | . . . Total Hacks 12 | . 12 . Successful 6 | . 6 . Failed 6 | . 6 . Catastrophic 2 | . 2 . Database Lockouts . | . . . Manual 12 | . 12 . Terminals 12 | . 12 . Fabricators . | . . . Repair Stations . | . . . Recycling Units . | . . . Scanalyzers . | . . . Garrison Access . | . . . Terminal Hacks 2 | . 2 . Terminal Index 1 | . 1 . Registered Components 1 | . 1 . Fabricator Hacks . | . . . Repair Station Hacks . | . . . Recycling Unit Hacks . | . . . Scanalyzer . | . . . Garrison Access Hacks . | . . . Unauthorized Hacks 4 | . 4 . Terminals 4 | . 4 . Assimilate 1 | . 1 . Operators 3 | . 3 . Fabricators . | . . . Repair Stations . | . . . Recycling Units . | . . . Scanalyzers . | . . . Garrison Access . | . . . Data Cores Recovered . | . . . Used . | . . . Hacking Detections 4 | . 4 . Full Trace Events 1 | . 1 . Feedback Events . | . . . Feedback Blocked . | . . . Robot Schematics Acquired . | . . . Robots Built . | . . . Authchips . | . . . Time . | . . . Total Robot Build Rating . | . . . Part Schematics Acquired . | . . . Parts Built . | . . . Authchips . | . . . Time . | . . . Total Part Build Rating . | . . . Part Studies Acquired . | . . . Parts Repaired . | . . . Time . | . . . Parts Recycled . | . . . Recycled Matter . | . . . Retrieved Matter . | . . . Retrieved Components . | . . . Parts Scanalyzed . | . . . Part Schematics Acquired . | . . . Parts Damaged . | . . . Bothacking | -11 -10 -10 ------------ Run | Yrd Mat Sub Used RIF Installer . | . . . Robots Hacked . | . . . Non-combat . | . . . Combat . | . . . Robot Hacks Applied . | . . . Relay Couplers Released . | . . . Fabnet Peak Effective % . | . . . Robots Rewired . | . . . Allies Hacked . | . . . Hacks Repelled . | . . . Allies | -11 -10 -10 -------- Run | Yrd Mat Sub Total Allies . | . . . Largest Group . | . . . Highest-Rated Group . | . . . Highest-Rated Ally . | . . . Total Orders . | . . . Ally Attacks . | . . . Total Damage . | . . . Kills . | . . . Allies Corrupted . | . . . Allies Melted . | . . . Intel | -11 -10 -10 ------- Run | Yrd Mat Sub Active Infowar (turns) 868 | 7 695 166 Sensors 651 | . 485 166 Seismic 217 | 7 210 . Robot Analysis Total . | . . . Derelict Logs Recovered . | . . . Drone Launches . | . . . Drone Recoveries . | . . . Exploration | -11 -10 -10 ------------- Run | Yrd Mat Sub Turns Passed 946 | 77 703 166 Spaces Moved 757 | 60 328 369 Core 126 | 13 9 104 Treads . | . . . Legs . | . . . Wheels 133 | 47 86 . Hover . | . . . Flight 498 | . 233 265 Fastest Speed 37 | 50 37 37 Average Speed 49 | 86 53 40 Slowest Speed 200 | 150 200 50 Overloaded Moves . | . . . Propulsion Burnouts . | . . . Robots Hopped 5 | . 5 . Potential Cave-ins . | . . . Cave-ins Triggered . | . . . Exploration Rate (%) 26 | 5 54 21 Regions Visited 2 Branch Regions 1 Pre-discovered Areas . | . . . Known Exits Taken . | . . . Unknown Exits Taken 2 | 1 1 . Scrap Searched 1 | . . 1 Spaces Dug . | . . . Terrain Destroyed 8 | . 7 1 Melee . | . . . Projectile 1 | . 1 . AOE 7 | . 6 1 Terrain Rammed . | . . . Walls Destroyed . | . . . Machines Disabled . | . . . Actions | -11 -10 -10 --------- Run | Yrd Mat Sub Total 1248 | 73 790 385 Wait 429 | . 418 11 Move 745 | 59 317 369 Hop 5 | . 5 . Pick Up 6 | 3 3 . Fast Attach 11 | 7 4 . Attach 6 | . 4 2 Detach 5 | . 3 2 Swap . | . . . Drop 4 | . 4 . Fire 37 | 4 32 1 Melee . | . . . Ram . | . . . Kick . | . . . Crush . | . . . Escape Stasis . | . . . Rewire . | . . . Trap . | . . . Miscellaneous . | . . . Route ------- -11/Scrapyard -10/Materials (discovered 4 exits: [*Mat x2] / [*Min] / [*Sub]) -10/Subcaves History --------- Turn | Location | Event 10 | -11/Scrapyard | Discovered new exit (range 16) 78 | -11/Scrapyard | Entered Materials 245 | -10/Materials | Core integrity fell below 50% 265 | -10/Materials | Lost 5 parts (1p2n2w) 300 | -10/Materials | Discovered new exit (range 11) 334 | -10/Materials | Build established: Mutant 748 | -10/Materials | Discovered new exit (range 9) 753 | -10/Materials | Discovered new exit (range 8) 758 | -10/Materials | Discovered new exit (range 13) 781 | -10/Materials | Entered Subcaves 939 | -10/Subcaves | Core integrity fell below 20% 947 | -10/Subcaves | Destroyed by Y-45 Defender with Heavy Assault Rifle Last Messages --------------- 00764_ O-16 Technician: "IFF HANDSHAKE FAILED. SECURING TERMINAL." 00765_ Connecting with Terminal... >>Trojan(Assimilate) Trojan loaded successfully. Testing... System interface override in place. LOCATION=UNKNOWN AMBIENT_HEAT=-10 GOAL=ESCAPE 00790_ Searching scrap... 00790_ Found Piercing Trap. 00790_ Found 46 Matter. 00791_ Acquired 46 matter. 00794_ Acquired 10 matter. 00873_ S-10 Pest destroyed. 00877_ Acquired 8 matter. 00893_ Triggered Shrapnel Trap. 00893_ An expanding cloud of shrapnel blasts out in all directions. 00893_ Flight Unit destroyed. 00946_ S-10 Pest springs to life. Map ----- +----------------------------------------------------+ | ?????????????????????????????????????????????????? | | ?????????????????####???????#####????####???????## | | ????????????????## ##?????## ###### #??????## | | ??############### ####??# ## #??????# | | ### ## ## ## ##?# #??????## | | ### #####?## | | # # # ######## ## ### | | ##########??????# ## | | #????????????# ### ### ### | | ^##???????? #### #?## | | "#??????# ### #??### ## | | "#?????# ## ##???## ### | | #####??# #????#### | | ##### Y ##??????# # | | #### ###???????# ### | | # ## ##?????????###??? | | ## #???????????????? | | ##???????????????? | | ### ### ##???????????????? | | # ## ###??##?### ##??????????????? | | ## #####?????????## #??????????????? | | ?###??????????????#### #??????????????? | | ?????????????????????# #??????????????? | | ?????????????????????### #??????????????? | | ???????????????????????## #??????????????? | | ???????????????????????##@ ### #??????????????? | | ???????????????????????# ##??##??????????????? | | ????????????????????? ##???????????????????? | | ?????????????????? #????????????????????? | | ?????????????????### #????????????????????? | | ???????????????????# s#### #???????????????????? | | ?????????????????? ???# ##???????????????????? | | ????????????????? s ???###????????????????????? | | ????????????????#s ???????????????????????????? | | ????????????????#" t ???????????????????????????? | | ????????????????#" " ???????????????????????????? | | ????????????????#""""????????????????????????????? | | ????????????????###?#????????????????????????????? | | ?????????????????????????????????????????????????? | | ?????????????????????????????????????????????????? | | ?????????????????????????????????????????????????? | | ?????????????????????????????????????????????????? | | ?????????????????????????????????????????????????? | | ?????????????????????????????????????????????????? | | ?????????????????????????????????????????????????? | | ?????????????????????????????????????????????????? | | ?????????????????????????????????????????????????? | | ?????????????????????????????????????????????????? | | ?????????????????????????????????????????????????? | | ?????????????????????????????????????????????????? | +----------------------------------------------------+ Best States ------------- Heat Dissipation 25 Energy Generation 10 Energy Capacity 125 Matter Stores 218 Matter Capacity 300 Sight Range 16 Robot Scan Range 14 Terrain Scan Density 10 Evasion (%) 62 Item Schematics ----------------- None Robot Schematics ------------------ None Fabricated ------------ Nothing Repaired ---------- Nothing Studied --------- None Alien Tech Used ----------------- None Achievements -------------- None Challenges ------------ None Game ------ Seed ShrapnelAmuletCycler Manual? 0 Play Time 00:12:45 Cumulative 47.7 hours Start 2025.12.25 @ 03:48:25 End 2025.12.25 @ 03:58:54 Sessions 1 Manual Loads 0 Difficulty Rogue Special Mode None Game No. 46 Rogue 46 Adventurer 0 Explorer 0 Win Type - Total 0 Types 0/0/0/0/0/0/0/0/0/0 Lore% 33 Gallery% 38 Achievement% 29 Wizard Run 0 Options --------- Layout 0 ASCII 0 Keyboard 0 Movement Mouse Keybinds 0 Fullscreen 2 Font 24/Smallcaps Map View 76x50 Zoom Use 0% Tactical HUD 1 Map Filters NONE Filters NONE Steam 1 RUN: 436e520f-0f7e-4061-9bc7-3d5608476e3b